 Dungeon Crawl Stone Soup version 0.15.2 (webtiles) character file.

490 kae the Insei (level 6, -2/47 HPs)
             Began as a Draconian Transmuter on Dec 28, 2014.
             Slain by a gnoll
             ... wielding a +0 flail
              (3 damage)
             ... on Level 3 of the Dungeon.
             The game lasted 00:04:55 (4528 turns).

kae the Insei (Draconian Transmuter)                Turns: 4528, Time: 00:04:55

HP  -2/47        AC  7     Str 12      XL: 6   Next: 90%
MP  10/10        EV 12     Int 14      God:
Gold 199         SH  0     Dex 13      Spells:  1 memorised,  8 levels left

rFire  . . .     SeeInvis .       - Unarmed
rCold  . . .     Clarity  .     (armour unavailable)
rNeg   . . .     rCorr    .     (no shield)
rPois  .         rRot     .     (helmet restricted)
rElec  .         Spirit   .     (no cloak)
SustAb .         Warding  .     m - +0 pair of gloves
rMut   .         Stasis   .     (boots unavailable)
Gourm  .                        (no amulet)
MR     .....                    (no ring)
                                e - ring of teleport control

@: appendage (expiring), not resistant to hostile enchantments, very unstealthy
A: unfitting armour, talons 3, cold-blooded, AC +6
a: End Transformation, Evoke Teleport Control


You were on level 3 of the Dungeon.
You were hungry.
You had grown temporary talons.
You visited 1 branch of the dungeon, and saw 4 of its levels.

You collected 199 gold pieces.

Inventory:

Hand weapons
 j - a +1 whip of draining
Missiles
 b - 12 arrows
Armour
 m - a +0 pair of gloves (worn)
Magical devices
 n - a wand of disintegration (10) {unknown}
Comestibles
 a - 9 bread rations
 o - 2 meat rations
Scrolls
 c - a scroll of amnesia
 g - a scroll of remove curse
 l - a scroll of blinking
 u - a scroll of immolation {unknown}
Jewellery
 e - a ring of teleport control (left hand)
 k - an uncursed ring of see invisible {unknown}
Potions
 i - 2 potions of mutation
 p - a potion of brilliance {unknown}
 r - a potion of invisibility {unknown}
 s - a potion of haste {unknown}
Books
 d - a book of Changes

   Spells                             Type                      Level
   *Beastly Appendage                 Transmutation                1
   Sticks to Snakes                   Transmutation                2
   Spider Form                        Transmutation/Poison         3
   Ice Form                           Ice/Transmutation            4
   Blade Hands                        Transmutation                5


   Skills:
 - Level 1.1 Fighting
 - Level 1.7 Dodging
 * Level 6.6 Unarmed Combat
 - Level 2.0 Spellcasting
 + Level 4.6 Transmutations


You had 8 spell levels left.
You knew the following spells:

 Your Spells              Type           Power        Failure   Level  Hunger
a - Beastly Appendage     Trmt           ##....       3%          1    ##.....


Dungeon Overview and Level Annotations

Branches:
Dungeon (4/15)
 Temple: D:4-7

Altars:


Innate Abilities, Weirdness & Mutations

Your plain brown scales are hard (AC +6).
Your body does not fit into most forms of armour.
Your cold-blooded metabolism reacts poorly to cold.
You have claws for feet.


Message History

Your transformation is almost over.
You start resting.
A gnoll is nearby!
You hit the gnoll. You claw the gnoll! You tail-slap the gnoll.
The gnoll is almost dead.
The gnoll closely misses you.
You hit the gnoll.
The gnoll is almost dead.
You closely miss the gnoll. Your kick misses the gnoll.
The gnoll is almost dead.
You barely miss the gnoll.
The gnoll is almost dead.
The gnoll hits you with a flail!
* * * LOW HITPOINT WARNING * * *
The gnoll hits you with a club.
* * * LOW HITPOINT WARNING * * *
You closely miss the gnoll.
The gnoll is almost dead.
The gnoll hits you with a flail.
You die...

#.#<..............##.....##.....#
#.##########...###'##...####.####
........# #.......##...#.......#
..>.....# ###.######...####....#
........# #.#....#...## #.##.#
........######.#.#####...# #....#
............g..g.[>.#....# ####..
#..########.##.##g.)#.#.## ##.#
#..# ####.##.#@g..#.#.######...
#..## #..%..#.#......#........##
#...# #..)..#.######.#..#####.##
#.#.# #.....#....)...#..#.......
#.#.# #.....#####....#..#.##.##.
#.#.## #.....# ##+#.##..#.#.....
.....# #.....# #........#.......
...#.# #.....# #....###.########
...#.###.....# #....###.....#


You could see 2 gnolls.

Vanquished Creatures
  2 scorpions
  A hound (D:4)
  An orc priest (D:4)
  An iguana (D:4)
  2 worker ants (D:4)
  8 gnolls
  6 adders
  An inept item mimic (D:4)
  2 worms
  4 giant geckos
  An ooze (D:2)
  10 orcs
  12 bats
  4 giant cockroaches
  3 goblins
  8 hobgoblins
  15 jackals
  4 giant newts
  10 kobolds
  A quokka zombie (D:3)
  8 rats
104 creatures vanquished.

Notes
Turn   | Place    | Note
--------------------------------------------------------------
     0 | D:1      | kae, the Draconian Transmuter, began the quest for the Orb.
     0 | D:1      | Reached XP level 1. HP: 16/16 MP: 3/3
   237 | D:1      | Reached XP level 2. HP: 21/23 MP: 4/4
   703 | D:2      | Reached XP level 3. HP: 28/28 MP: 6/6
   714 | D:2      | Reached skill level 4 in Unarmed Combat
  1107 | D:2      | Reached XP level 4. HP: 33/35 MP: 7/7
  1840 | D:3      | Reached XP level 5. HP: 38/40 MP: 9/9
  2011 | D:3      | Reached skill level 5 in Unarmed Combat
  3294 | D:4      | Reached XP level 6. HP: 7/47 MP: 10/10
  3771 | D:3      | Reached skill level 6 in Unarmed Combat
  4527 | D:3      | HP: 2/47 [gnoll/flail (13)]
  4528 | D:3      | Slain by a gnoll

Action                   |  1- 3 |  4- 6 || total
-------------------------+-------+-------++-------
Melee: Unarmed           |   151 |   286 ||   437
 Cast: Beastly Appendage |     1 |    10 ||    11
  Use: Scroll            |       |     7 ||     7
       Potion            |       |     7 ||     7
 Stab: Sleeping          |     2 |       ||     2
  Eat: Chunk             |       |    10 ||    10
       Pizza             |       |     1 ||     1
